PCL
DISTRICT 9 PRAWNS @ SANTA MONICA BRUINS
08/13/2024
 
TOP OF THE 1ST
District 9 Prawns batting - Pitching for Santa Monica Bruins : RHP Manny Meléndez
Pitching: RHP Manny Meléndez
Batting: RHB Enrique Aguilar 0-0: Ball
1-0: Ball
2-0: Ball
3-0: Called Strike
3-1: Fly out, F8 (Flyball, 8LM)
Batting: RHB Alfredo Cortéz 0-0: Ball
1-0: Swinging Strike
1-1: Foul Ball, location: 2F
1-2: Strikes out swinging
Batting: LHB Terry White 0-0: Called Strike
0-1: Ball
1-1: Fly out, F7 (Flyball, 7LMF)
Top of the 1st over - 0 run(s), 0 hit(s), 0 error(s), 0 left on base; District 9 0 - Santa Monica 0
BOTTOM OF THE 1ST
Santa Monica Bruins batting - Pitching for District 9 Prawns : RHP Jeff Townsend
Pitching: RHP Jeff Townsend
Batting: RHB Alonso Sánchez 0-0: Called Strike
0-1: Called Strike
0-2: Ball
1-2: Ball
2-2: Ball
3-2: Base on Balls
Batting: RHB Pablo Peña 0-0: Ball
1-0: Foul Ball, location: 2F
1-1: Ball
2-1: Ball
3-1: Foul Ball, location: 2F
3-2: Base on Balls
Alonso Sánchez to second
Batting: RHB Javier Deleón 0-0: Called Strike
0-1: Swinging Strike
0-2: Ball
1-2: Strikes out swinging
Batting: LHB Ken Poche 0-0: Called Strike
0-1: Ball
1-1: Fly out, F7 (Line Drive, 7M)
Batting: RHB Salvador Salas 0-0: Called Strike
0-1: Ball
1-1: Foul Ball, location: 2F
1-2: Ball
2-2: Ball
3-2: Strikes out looking
Bottom of the 1st over - 0 run(s), 0 hit(s), 0 error(s), 2 left on base; District 9 0 - Santa Monica 0
TOP OF THE 2ND
District 9 Prawns batting - Pitching for Santa Monica Bruins : RHP Manny Meléndez
Batting: LHB Ryan Hensley 0-0: DOUBLE (Line Drive, 9LD)
Batting: LHB José Flores 0-0: Ball
1-0: SINGLE (Flyball, 8LS)
Ryan Hensley to third
Runner from 3rd tries for Home, throw and OUT!
José Flores to second
Batting: RHB Jonah Duncan 0-0: Swinging Strike
0-1: Swinging Strike
0-2: Foul Ball, location: 2F
0-2: Strikes out looking
Batting: RHB Mal Snyder 0-0: Swinging Strike
0-1: Ball
1-1: Ground out 4-3 (Groundball, 4S)
Top of the 2nd over - 0 run(s), 2 hit(s), 0 error(s), 1 left on base; District 9 0 - Santa Monica 0
BOTTOM OF THE 2ND
Santa Monica Bruins batting - Pitching for District 9 Prawns : RHP Jeff Townsend
Batting: RHB Armando Méndez 0-0: Foul Ball, location: 2F
0-1: Swinging Strike
0-2: Strikes out looking
Batting: RHB Jorge Gutiérrez 0-0: Ball
1-0: Ball
2-0: Foul Ball, location: 2F
2-1: SINGLE (Line Drive, 8RS)
Batting: RHB Justin Burgess 0-0: Called Strike
0-1: Ball
1-1: Fly out, F8 (Flyball, 78D)
Batting: RHB Don Keating 0-0: Ball
1-0: Called Strike
1-1: Ball
2-1: Swinging Strike
2-2: Foul Ball, location: 2F
2-2: Foul Ball, location: 2F
2-2: Fielders Choice at 2nd, U4 (Groundball, 4M)
Bottom of the 2nd over - 0 run(s), 1 hit(s), 0 error(s), 1 left on base; District 9 0 - Santa Monica 0
TOP OF THE 3RD
District 9 Prawns batting - Pitching for Santa Monica Bruins : RHP Manny Meléndez
Batting: SHB Mark Pope 0-0: Foul Ball, location: 2F
0-1: Ball
1-1: Fly out, F7 (Flyball, 7LM)
Batting: RHB Phil Jacobs 0-0: Ball
1-0: Called Strike
1-1: Called Strike
1-2: Ball
2-2: Strikes out swinging
Batting: RHB Enrique Aguilar 0-0: Ball
1-0: Ball
2-0: Ball
3-0: Base on Balls
Batting: RHB Alfredo Cortéz 0-0: Ball
Enrique Aguilar is caught stealing 2nd base
Top of the 3rd over - 0 run(s), 0 hit(s), 0 error(s), 0 left on base; District 9 0 - Santa Monica 0
BOTTOM OF THE 3RD
Santa Monica Bruins batting - Pitching for District 9 Prawns : RHP Jeff Townsend
Batting: RHB Alonso Sánchez 0-0: Called Strike
0-1: Ball
1-1: Swinging Strike
1-2: Foul Ball, location: 2F
1-2: Ball
2-2: Ball
3-2: Base on Balls
Batting: RHB Pablo Peña 0-0: Ball
1-0: Foul Ball, location: 2F
1-1: Ball
2-1: Foul Ball, location: 2F
2-2: Foul Ball, location: 2F
2-2: Fly out, F7 (Flyball, 7LM)
Batting: RHB Javier Deleón 0-0: Called Strike
Alonso Sánchez is caught stealing 2nd base
0-1: Ground out 6-3 (Groundball, 6)
Bottom of the 3rd over - 0 run(s), 0 hit(s), 0 error(s), 0 left on base; District 9 0 - Santa Monica 0
TOP OF THE 4TH
District 9 Prawns batting - Pitching for Santa Monica Bruins : RHP Manny Meléndez
Batting: RHB Alfredo Cortéz 0-0: Ball
1-0: Swinging Strike
1-1: Swinging Strike
1-2: Ball
2-2: Ground out 6-3 (Groundball, 6)
Batting: LHB Terry White 0-0: Ball
1-0: SOLO HOME RUN (Flyball, 89XD), Distance : 418 ft
Batting: LHB Ryan Hensley 0-0: Ball
1-0: Called Strike
1-1: Swinging Strike
1-2: Foul Ball, location: 2F
1-2: SINGLE (Groundball, 34D)
Batting: LHB José Flores 0-0: Ball
1-0: Called Strike
1-1: Fielders Choice at 2nd, 5-4 (Groundball, 56)
Batting: RHB Jonah Duncan 0-0: Ball
1-0: Foul Ball, location: 2F
1-1: Ball
2-1: SINGLE (Groundball, 34)
José Flores to second
Runner from 2nd tries for 3rd, SAFE, throw made to third
Batting: RHB Mal Snyder 0-0: Foul Ball, location: 2F
0-1: Ball
1-1: Swinging Strike
1-2: Foul Ball, location: 2F
1-2: Strikes out looking
Top of the 4th over - 1 run(s), 3 hit(s), 0 error(s), 2 left on base; District 9 1 - Santa Monica 0
BOTTOM OF THE 4TH
Santa Monica Bruins batting - Pitching for District 9 Prawns : RHP Jeff Townsend
Batting: LHB Ken Poche 0-0: Ground out 6-3 (Groundball, 56)
Batting: RHB Salvador Salas 0-0: Swinging Strike
0-1: Ball
1-1: Ball
2-1: Foul Ball, location: 2F
2-2: Foul Ball, location: 2F
2-2: Ball
3-2: Base on Balls
Batting: RHB Armando Méndez 0-0: Called Strike
0-1: Swinging Strike
0-2: Strikes out swinging
Batting: RHB Jorge Gutiérrez 0-0: Ball
1-0: Ball
2-0: Foul Ball, location: 2F
2-1: Ground out 5-3 (Groundball, 5)
Bottom of the 4th over - 0 run(s), 0 hit(s), 0 error(s), 1 left on base; District 9 1 - Santa Monica 0
TOP OF THE 5TH
District 9 Prawns batting - Pitching for Santa Monica Bruins : RHP Manny Meléndez
Batting: SHB Mark Pope 0-0: Foul Ball, location: 2F
0-1: Ball
1-1: SINGLE (Flyball, 8RS)
Batting: RHB Phil Jacobs 0-0: Ball
1-0: Ball
2-0: Called Strike
2-1: Foul Ball, location: 2F
2-2: Fly out, F3 (Line Drive, 3)
Batting: RHB Enrique Aguilar 0-0: Ball
1-0: Grounds into double play, U6-3 (Groundball, 6)
Top of the 5th over - 0 run(s), 1 hit(s), 0 error(s), 0 left on base; District 9 1 - Santa Monica 0
BOTTOM OF THE 5TH
Santa Monica Bruins batting - Pitching for District 9 Prawns : RHP Jeff Townsend
Batting: RHB Justin Burgess 0-0: Foul Ball, location: 2F
0-1: Ball
1-1: Called Strike
1-2: Ball
2-2: Foul Ball, location: 2F
2-2: Foul Ball, location: 2F
2-2: Fly out, F9 (Flyball, 9LS)
Batting: RHB Don Keating 0-0: Fly out, F6 (Popup, 56)
Batting: RHB Alonso Sánchez 0-0: Ground out 2-3 (Groundball, 2L)
Bottom of the 5th over - 0 run(s), 0 hit(s), 0 error(s), 0 left on base; District 9 1 - Santa Monica 0
TOP OF THE 6TH
District 9 Prawns batting - Pitching for Santa Monica Bruins : RHP Manny Meléndez
Batting: RHB Alfredo Cortéz 0-0: Ball
1-0: Called Strike
1-1: SINGLE (Groundball, 56D)
Batting: LHB Terry White 0-0: Foul Ball, location: 2F
0-1: Swinging Strike
0-2: Foul Ball, location: 2F
0-2: Ball
1-2: Fly out, F8 (Flyball, 8RXD)
Batting: LHB Ryan Hensley 0-0: Ball
1-0: Ball
2-0: Ball
3-0: Base on Balls
Alfredo Cortéz to second
Pitching: RHP Michael Carr
Batting: LHB José Flores 0-0: Ball
1-0: Ball
2-0: Ball
3-0: Called Strike
3-1: Foul Ball, location: 2F
3-2: Base on Balls
Alfredo Cortéz to third
Ryan Hensley to second
Batting: RHB Jonah Duncan 0-0: Ball
1-0: GRAND SLAM HOME RUN (Flyball, 89XD), Distance : 418 ft
Batting: RHB Mal Snyder 0-0: Ball
1-0: Foul Ball, location: 2F
1-1: SINGLE (Groundball, 56D)
Batting: SHB Mark Pope 0-0: Ball
1-0: Ball
2-0: Swinging Strike
2-1: Foul Ball, location: 2F
2-2: Foul Ball, location: 2F
2-2: Ball
3-2: Fly out, F6 (Line Drive, 6M)
3-2: Fly out, F6 (Line Drive, 6M)
Batting: RHB Phil Jacobs 0-0: Ball
1-0: Called Strike
1-1: Called Strike
1-2: Ball
2-2: Strikes out looking
Top of the 6th over - 4 run(s), 3 hit(s), 0 error(s), 1 left on base; District 9 5 - Santa Monica 0
BOTTOM OF THE 6TH
Santa Monica Bruins batting - Pitching for District 9 Prawns : RHP Jeff Townsend
Batting: RHB Pablo Peña 0-0: SINGLE (Groundball, 56D)
Batting: RHB Javier Deleón 0-0: Ball
1-0: Foul Ball, location: 2F
1-1: Ball
2-1: Called Strike
2-2: DOUBLE (Flyball, 78D)
Pablo Peña to third
Batting: LHB Ken Poche 0-0: Foul Ball, location: 2F
0-1: Foul Ball, location: 2F
0-2: Ball
1-2: Ball
2-2: Foul Ball, location: 2F
2-2: Foul Ball, location: 2F
2-2: Ball
3-2: Foul Ball, location: 2F
3-2: Ground out 6-3 (Groundball, 6)
Pablo Peña scores
Batting: RHB Salvador Salas 0-0: Called Strike
0-1: Ground out 6-3 (Groundball, 6M)
Javier Deleón to third
Batting: RHB Armando Méndez 0-0: Foul Ball, location: 2F
0-1: Ball
1-1: Foul Ball, location: 2F
1-2: Strikes out swinging
Bottom of the 6th over - 1 run(s), 2 hit(s), 0 error(s), 1 left on base; District 9 5 - Santa Monica 1
TOP OF THE 7TH
District 9 Prawns batting - Pitching for Santa Monica Bruins : RHP Michael Carr
Batting: RHB Enrique Aguilar 0-0: Foul Ball, location: 2F
0-1: Swinging Strike
0-2: Foul Ball, location: 2F
0-2: Ball
1-2: SINGLE (Flyball, 9S)
Batting: RHB Alfredo Cortéz 0-0: Ball
1-0: Bunted foul
1-1: Bunt missed!
1-2: Fly out, F4 (Popup, 4MD)
Batting: LHB Terry White 0-0: Ball
1-0: Called Strike
1-1: Ball
2-1: Ball
3-1: Swinging Strike
3-2: Strikes out swinging
Batting: LHB Ryan Hensley 0-0: Ball
1-0: Called Strike
1-1: Called Strike
1-2: Strikes out swinging
Top of the 7th over - 0 run(s), 1 hit(s), 0 error(s), 1 left on base; District 9 5 - Santa Monica 1
BOTTOM OF THE 7TH
Santa Monica Bruins batting - Pitching for District 9 Prawns : RHP Jeff Townsend
Pitching: RHP Jayson Simms
Batting: RHB Jorge Gutiérrez 0-0: Ball
1-0: Foul Ball, location: 2F
1-1: Called Strike
1-2: Ground out 6-3 (Groundball, 4M)
Batting: RHB Justin Burgess 0-0: Called Strike
0-1: Called Strike
0-2: Ball
1-2: SOLO HOME RUN (Flyball, 7D), Distance : 368 ft
Batting: RHB Don Keating 0-0: SOLO HOME RUN (Flyball, 78D), Distance : 395 ft
Batting: RHB Alonso Sánchez 0-0: Ball
1-0: Ball
2-0: SINGLE (Line Drive, 78M)
Batting: RHB Pablo Peña 0-0: Ball
1-0: Ball
2-0: Ball
Alonso Sánchez is caught stealing 2nd base
3-0: Called Strike
3-1: Foul Ball, location: 2F
3-2: Strikes out swinging
Bottom of the 7th over - 2 run(s), 3 hit(s), 0 error(s), 0 left on base; District 9 5 - Santa Monica 3
TOP OF THE 8TH
District 9 Prawns batting - Pitching for Santa Monica Bruins : RHP Michael Carr
Batting: LHB José Flores 0-0: Ball
1-0: Called Strike
1-1: Foul Ball, location: 2F
1-2: Reached on error, E6 (Groundball, 6M)
Batting: RHB Jonah Duncan 0-0: Called Strike
0-1: Sac Bunt - play at first, batter OUT! 2-4
José Flores to second
Batting: RHB Mal Snyder 0-0: Intentional Walk
Pitching: RHP Javier Correa
Pinch Hitting: RHB Eduardo García 0-0: Called Strike
0-1: Foul Ball, location: 2F
0-2: Ball
1-2: Fly out, F9 (Flyball, 89D)
Runner from 2nd tags up, SAFE at 3rd, no throw
Pinch Hitting: SHB Tommy Bourassa 0-0: Called Strike
0-1: SINGLE (Groundball, 4M)
José Flores scores
Mal Snyder to second
Runner from 2nd tries for 3rd, SAFE, throw made to third
Tommy Bourassa to second
Batting: RHB Enrique Aguilar 0-0: Fly out, F8 (Line Drive, 8RD)
Top of the 8th over - 1 run(s), 1 hit(s), 1 error(s), 2 left on base; District 9 6 - Santa Monica 3
BOTTOM OF THE 8TH
Santa Monica Bruins batting - Pitching for District 9 Prawns : RHP Jayson Simms
Now at 2B: Manuel Torres
Now in CF: Eduardo García
Batting: RHB Javier Deleón 0-0: Ball
1-0: Called Strike
1-1: Called Strike
1-2: Ball
2-2: Strikes out looking
Batting: LHB Ken Poche 0-0: Ball
1-0: Called Strike
1-1: Ball
2-1: Ball
3-1: Base on Balls
Pitching: RHP César Rúbio
Batting: RHB Salvador Salas 0-0: Swinging Strike
0-1: Ball
1-1: Ball
2-1: Ball
3-1: Called Strike
3-2: Foul Ball, location: 2F
3-2: Base on Balls
Ken Poche to second
Batting: RHB Armando Méndez 0-0: SINGLE (Groundball, 56D)
Ken Poche to third
Salvador Salas to second
Runner from 3rd tries for Home, SAFE, no throw or cutoff
Pinch Hitting: LHB Greg Schultz 0-0: Ball
1-0: Ball
2-0: Called Strike
2-1: Called Strike
2-2: Foul Ball, location: 2F
2-2: Strikes out swinging
Pinch Hitting: RHB Motoshige Yagi 0-0: Called Strike
0-1: Swinging Strike
0-2: Ball
1-2: Ball
2-2: Foul Ball, location: 2F
2-2: Fielders Choice at 2nd, 6-4 (Groundball, 6)
Bottom of the 8th over - 1 run(s), 1 hit(s), 0 error(s), 1 left on base; District 9 6 - Santa Monica 4
TOP OF THE 9TH
District 9 Prawns batting - Pitching for Santa Monica Bruins : RHP Javier Correa
Now at SS: Mark Hosley
Now in RF: Motoshige Yagi
Batting: RHB Alfredo Cortéz 0-0: SOLO HOME RUN (Flyball, 9LD), Distance : 353 ft
Batting: LHB Terry White 0-0: Called Strike
0-1: Swinging Strike
0-2: SOLO HOME RUN (Flyball, 89XD), Distance : 421 ft
Batting: LHB Ryan Hensley 0-0: Swinging Strike
0-1: Swinging Strike
0-2: Ball
1-2: Ball
2-2: Foul Ball, location: 2F
2-2: Foul Ball, location: 2F
2-2: Ball
3-2: Strikes out swinging
Batting: LHB José Flores 0-0: Ball
1-0: Called Strike
1-1: Foul Ball, location: 2F
1-2: Ball
2-2: Strikes out looking
Batting: RHB Jonah Duncan 0-0: Ball
1-0: Foul Ball, location: 2F
1-1: Foul Ball, location: 2F
1-2: Fly out, F9 (Flyball, 9M)
Top of the 9th over - 2 run(s), 2 hit(s), 0 error(s), 0 left on base; District 9 8 - Santa Monica 4
BOTTOM OF THE 9TH
Santa Monica Bruins batting - Pitching for District 9 Prawns : RHP César Rúbio
Batting: RHB Don Keating 0-0: Ball
1-0: Foul Ball, location: 2F
1-1: Called Strike
1-2: Foul Ball, location: 2F
1-2: Fly out, F7 (Flyball, 78D)
Batting: RHB Alonso Sánchez 0-0: SINGLE (Flyball, 9LM)
Batting: RHB Pablo Peña 0-0: Ball
1-0: 2-RUN HOME RUN (Flyball, 8LXD), Distance : 417 ft
Pitching: RHP Gerard Allen
Batting: RHB Javier Deleón 0-0: Called Strike
0-1: Called Strike
0-2: Strikes out swinging
Batting: LHB Ken Poche 0-0: Ball
1-0: Ball
2-0: Ground out 4-3 (Groundball, 34)
Bottom of the 9th over - 2 run(s), 2 hit(s), 0 error(s), 0 left on base; District 9 8 - Santa Monica 6
This league is powered by Out of the Park Baseball, the baseball management simulation game for PC, Mac and Linux
Saturday, April 9th, 2016 - OOTP Baseball 16.8 Build 38